 Dungeon Crawl Stone Soup version 0.27-a0-1342-ga99462a43c (webtiles) character file.

Game seed: 14694952265768176613

170 Gargoyl the Skirmisher (level 5, -3/47 HPs)
             Began as a Gnoll Abyssal Knight on June 27, 2021.
             Was a Believer of Lugonu.
             Slain by an orc warrior (7 damage)
             ... on level 3 of the Dungeon.
             The game lasted 00:05:01 (3339 turns).

Gargoyl the Skirmisher (Gnoll Abyssal Knight)       Turns: 3339, Time: 00:05:02

Health: -3/47      AC: 20    Str: 10    XL:     5   Next: 50%
Magic:  8/8        EV:  2    Int: 11    God:    Lugonu [**....]
Gold:   55         SH:  0    Dex: 12    Spells: 7/7 levels left

rFire    . . .     SeeInvis .   n - +1 war axe
rCold    . . .     Faith    .   (no shield)
rNeg     . . .     Spirit   .   g - +0 plate armour
rPois    +         Reflect  .   b - +1 hat
rElec    .         Harm     .   (no cloak)
rCorr    .         Rampage  .   c - +0 pair of gloves
Will     .....                  e - +1 pair of boots
Stlth    ..........             (no amulet)
HPRegen  0.15/turn              k - +4 ring of protection
MPRegen  0.11/turn              f - ring of poison resistance

@: mighty
A: fangs 1, strong nose, distributed training, antennae 1, weak 1
a: Renounce Religion, Depart the Abyss, Bend Space


You were on level 3 of the Dungeon.
You worshipped Lugonu.
Lugonu was pleased with you.
You visited 1 branch of the dungeon, and saw 4 of its levels.
You visited the Abyss 1 time.

You collected 55 gold pieces.

Inventory:

Hand Weapons
 a - a +1 hand axe
 n - a +1 war axe (weapon)
Missiles
 j - 38 poisoned darts (quivered)
Armour
 b - a +1 hat (worn)
 c - a +0 pair of gloves (worn)
 e - a +1 pair of boots (worn)
 g - a +0 plate armour (worn)
Jewellery
 d - a ring of protection from cold
 f - a ring of poison resistance (right hand)
 k - a +4 ring of protection (left hand)
Potions
 i - a potion of ambrosia {unknown}


   Skills:
 + Level 6.7 Fighting
 + Level 1.5 Short Blades
 + Level 1.5 Long Blades
 + Level 4.8 Axes
 + Level 1.5 Maces & Flails
 + Level 1.5 Polearms
 + Level 1.5 Staves
 + Level 1.5 Slings
 + Level 1.5 Bows
 + Level 1.5 Crossbows
 + Level 1.5 Throwing
 + Level 4.8 Armour
 + Level 3.0 Dodging
 + Level 1.5 Stealth
 + Level 1.5 Shields
 + Level 1.5 Unarmed Combat
 + Level 1.5 Spellcasting
 + Level 1.2 Conjurations
 + Level 1.2 Hexes
 + Level 1.2 Summonings
 + Level 1.2 Necromancy
 + Level 1.2 Translocations
 + Level 1.2 Transmutations
 + Level 1.2 Fire Magic
 + Level 1.2 Ice Magic
 + Level 1.2 Air Magic
 + Level 1.2 Earth Magic
 + Level 1.2 Poison Magic
 + Level 4.9 Invocations
 + Level 1.5 Evocations


You had 7 spell levels left.
You didn't know any spells.
Your spell library contained the following spells:

 Spells                   Type           Power      Damage    Failure   Level
 Foxfire                  Conj/Fire      12%        2x1d4     100%        1
 Conjure Flame            Conj/Fire      3%         6-21      100%        3
 Inner Flame              Hex/Fire       3%         N/A       100%        3
 Sticky Flame             Conj/Fire      3%         2d3       100%        4
 Fireball                 Conj/Fire      1%         3d3       100%        5


Dungeon Overview and Level Annotations

Branches:
Dungeon (4/15)
 Temple: D:4-7

Altars:


Innate Abilities, Weirdness & Mutations

You have very sharp teeth.
Your uncanny sense of smell can sniff out nearby items.
Your experience applies equally to all skills.
You have a pair of small antennae on your head.
You are weak. (Str -2)


Message History

Okay, then.
Throw: 39 darts (poison)
Press: ? - help, Q - select action, (/) - cycle Shift-Dir - straight line, f - orc warrior
Aim: an orc warrior, wielding a +0 short sword and wearing a +0 plate armour (59% to hit)
You throw a poisoned dart.
The poisoned dart closely misses the orc warrior.
The orc warrior hits you but does no damage.
You feel very mighty all of a sudden.
The orc warrior hits you with a +0 short sword.
Unknown command.
You closely miss the orc warrior. The orc warrior completely misses you.
Your plate armour prevents you from hitting the orc warrior.
The orc warrior hits you but does no damage.
You slice the orc warrior!!
The orc warrior is severely wounded.
The orc warrior barely misses you.
The orc warrior hits you but does no damage.
You closely miss the orc warrior.
The orc warrior is severely wounded.
The orc warrior hits you but does no damage.
You hit the orc warrior but do no damage.
The orc warrior is severely wounded.
The orc warrior hits you with a +0 short sword!
You hit the orc warrior.
The orc warrior is severely wounded.
The orc warrior hits you but does no damage.
You barely miss the orc warrior. Your punch misses the orc warrior.
The orc warrior is severely wounded.
The orc warrior hits you with a +0 short sword.
* * * LOW HITPOINT WARNING * * *
The orc warrior hits you with a +0 short sword.
* * * LOW HITPOINT WARNING * * *
You barely miss the orc warrior.
The orc warrior is severely wounded.
The orc warrior hits you but does no damage.
Unknown command.
You hit the orc warrior but do no damage.
The orc warrior is severely wounded.
The orc warrior hits you with a +0 short sword!
You die...

...............# #.#
####.#########.# #.# # #.# #.#
#.# #######
####.#########.#####.##
#......
<........##.....(<....#
#.#####
####.#.........#.###..#####.#
#.#..[..#....[[..........#
#......###...o...........#####
###..#..#..##@###..####.....>.
#..##............####..#####
#.....................)#
#....######.#########.##
#...#.## #.# #####.######
#..###.# #.# #...........
####..#.#####.#####.##..######
#...................##.##
#.....<.......########.#


You could see an orc warrior.

Vanquished Creatures
  An orc priest (D:3)
  An orc wizard (D:3)
  3 adders
  3 dart slugs
  8 orcs (D:3)
  3 endoplasms
  A giant cockroach (D:2)
  5 hobgoblins
  3 jackals (D:2)
  2 quokkas
  5 ball pythons
  3 bats (D:2)
  7 frilled lizards
  13 goblins
  7 kobolds
  9 rats
74 creatures vanquished.

Notes
Turn   | Place    | Note
-------+----------+-------------------------------------------
     0 | Abyss:1  | Gargoyl the Gnoll Abyssal Knight began the quest for the
                  | Orb.
     0 | Abyss:1  | Reached XP level 1. HP: 23/23 MP: 3/3
   113 | Abyss:1  | Noticed a raiju
   127 | Abyss:1  | Noticed a smoke demon
   132 | D:1      | Escaped the Abyss
   317 | D:1      | Found a faded altar of an unknown god.
   462 | D:1      | Reached XP level 2. HP: 25/29 MP: 5/5
   578 | D:1      | Reached * piety under Lugonu
   881 | D:1      | Reached XP level 3. HP: 35/35 MP: 6/6
  1284 | D:2      | Gained mutation: You have a pair of small antennae on your
                  | head. [potion of mutation]
  1284 | D:2      | Gained mutation: You are weak. (Str -2) [potion of
                  | mutation]
  1832 | D:2      | Reached skill level 1 in Short Blades
  1832 | D:2      | Reached skill level 1 in Long Blades
  1832 | D:2      | Reached skill level 1 in Maces & Flails
  1832 | D:2      | Reached skill level 1 in Polearms
  1832 | D:2      | Reached skill level 1 in Staves
  1832 | D:2      | Reached skill level 1 in Slings
  1832 | D:2      | Reached skill level 1 in Bows
  1832 | D:2      | Reached skill level 1 in Crossbows
  1832 | D:2      | Reached skill level 1 in Throwing
  1832 | D:2      | Reached skill level 1 in Stealth
  1832 | D:2      | Reached skill level 1 in Shields
  1832 | D:2      | Reached skill level 1 in Unarmed Combat
  1832 | D:2      | Reached skill level 1 in Spellcasting
  1832 | D:2      | Reached skill level 1 in Evocations
  1888 | D:2      | Reached XP level 4. HP: 36/41 MP: 7/7
  2351 | D:3      | Reached skill level 1 in Conjurations
  2351 | D:3      | Reached skill level 1 in Hexes
  2351 | D:3      | Reached skill level 1 in Summonings
  2351 | D:3      | Reached skill level 1 in Necromancy
  2351 | D:3      | Reached skill level 1 in Translocations
  2351 | D:3      | Reached skill level 1 in Transmutations
  2351 | D:3      | Reached skill level 1 in Fire Magic
  2351 | D:3      | Reached skill level 1 in Ice Magic
  2351 | D:3      | Reached skill level 1 in Air Magic
  2351 | D:3      | Reached skill level 1 in Earth Magic
  2351 | D:3      | Reached skill level 1 in Poison Magic
  2351 | D:3      | Reached ** piety under Lugonu
  2494 | D:3      | Reached XP level 5. HP: 47/47 MP: 8/8
  2954 | D:4      | Noticed an orc warrior
  3339 | D:3      | Slain by an orc warrior

Illustrated notes

Levels and vault maps discovered:
D:1:      amcnicky_arrival_wind_blow, layout_basic, basic_ecumenical_altar,
          minmay_quantized
D:2:      layout_basic
D:3:      layout_loops_ring
D:4:      layout_cave_pods, nicolae_dithmenos_shadow_blocks,
          minmay_temple_entry_poolview, serial_shops, nicolae_shop_stone,
          chequers_garden, kennysheep_generic_room_12

Skill      XL: |  1  2  3  4  5 |
---------------+----------------+-----
Short Blades   | 1 |  1.5
Long Blades    | 1 |  1.5
Maces & Flails | 1 |  1.5
Polearms       | 1 |  1.5
Staves         | 1 |  1.5
Slings         | 1 |  1.5
Bows           | 1 |  1.5
Crossbows      | 1 |  1.5
Throwing       | 1 |  1.5
Stealth        | 1 |  1.5
Shields        | 1 |  1.5
Unarmed Combat | 1 |  1.5
Spellcasting   | 1 |  1.5
Evocations     | 1 |  1.5
Conjurations   | 1 |  1.2
Hexes          | 1 |  1.2
Summonings     | 1 |  1.2
Necromancy     | 1 |  1.2
Translocations | 1 |  1.2
Transmutations | 1 |  1.2
Fire Magic     | 1 |  1.2
Ice Magic      | 1 |  1.2
Air Magic      | 1 |  1.2
Earth Magic    | 1 |  1.2
Poison Magic   | 1 |  1.2
Dodging        | 3 |  3.0
Fighting       | |  6.7
Axes           | |  4.8
Armour         | |  4.8
Invocations    | |  4.9

Action                   |  1- 3 |  4- 6 || total
-------------------------+-------+-------++-------
Melee: Hand axe          |   133 |    57 ||   190
       Bite              |    14 |     5 ||    19
       War axe           |       |    54 ||    54
Throw: Dart              |       |     1 ||     1
Invok: Depart the Abyss  |     1 |       ||     1
  Use: Scroll            |     5 |     3 ||     8
       Potion            |     2 |     2 ||     4
 Stab: Sleeping          |     1 |       ||     1
Armor: Leather armour    |    32 |       ||    32
       Plate armour      |    51 |   108 ||   159
Dodge: Dodged            |    67 |    14 ||    81

Table legend: (Time is in decaauts)
 A = Elapsed time spent in this place.
 B = Non-inter-level travel time spent in this place.
 C = Inter-level travel time spent in this place.
 D = Time resting spent in this place.
 E = Time spent auto-exploring this place.
 F = Levels seen in this place.
 G = Mean time per level.
                   A        B        C        D        E       F      G
               +--------+--------+--------+--------+--------+-----+--------+
         Total |   3365 |   3304 |     61 |    337 |   2217 |   5 |  673.0 |
       Dungeon |   3233 |   3172 |     61 |    337 |   2119 |   4 |  808.2 |
         Abyss |    132 |    132 |      0 |      0 |     98 |   1 |  132.0 |
               +--------+--------+--------+--------+--------+-----+--------+

Top non-repeatable levels by time:
     D:3: 1177 daAuts
     D:1: 1147 daAuts
     D:2: 861 daAuts
 Abyss:1: 132 daAuts
     D:4: 47 daAuts
